 Dungeon Crawl Stone Soup version 0.29-a0-23-ga79f92ac9c (webtiles) character file.

Game seed: 1162860265907919243

11567 gimp the Archer (level 11, -6/60 HPs)
             Began as a Tengu Wanderer on Jan 30, 2022.
             Was an Elder of Okawaru.
             Mangled by a komodo dragon (26 damage)
             ... on level 11 of the Dungeon.
             The game lasted 00:25:30 (14604 turns).

gimp the Archer (Tengu Wanderer)                   Turns: 14604, Time: 00:25:30

Health: -6/60      AC: 15    Str: 16    XL:     11   Next: 79%
Magic:  20/20      EV: 10    Int: 10    God:    Okawaru [****..]
Gold:   668        SH:  0    Dex: 17    Spells: 10/10 levels left

rFire   . . .      SeeInvis .   a - +0 whip (venom)
rCold   . . .      Faith    .   (no shield)
rNeg    . . .      Spirit   .   A - +0 chain mail {Will+}
rPois   .          Reflect  .   y - +2 hat
rElec   +          Harm     .   (no cloak)
rCorr   .          Rampage  .   o - +0 pair of gloves
Will    ++...                   (boots unavailable)
Stlth   ..........              r - amulet of the Solemn Fig {RegenMP rElec Will+ Stlth+}
HPRegen 0.20/turn               f - +4 ring of protection
MPRegen 0.57/turn               (no ring)

@: about to teleport, flying quickly and evasively, quick
A: beak, talons 3, nimble flight
a: Renounce Religion, Heroism, Finesse


You were on level 11 of the Dungeon.
You worshipped Okawaru.
Okawaru was greatly pleased with you.
You visited 2 branches of the dungeon, and saw 12 of its levels.

You collected 733 gold pieces.
You spent 65 gold pieces at shops.

Inventory:

Hand Weapons
 a - a +0 whip of venom (weapon)
 b - a +1 shortbow
 s - a +1 short sword of speed
 v - a +0 dagger of draining
Missiles
 c - 71 arrows
 e - a throwing net
Armour
 o - a +0 pair of gloves (worn)
 y - a +2 hat (worn)
 A - a +0 chain mail of willpower (worn)
Magical Staves
 l - a staff of earth
Jewellery
 f - a +4 ring of protection (left hand)
 r - the amulet of the Solemn Fig (around neck) {RegenMP rElec Will+ Stlth+}
   (You acquired it on level 5 of the Dungeon)

   [amulet of magic regeneration]

   It increases your rate of magic regeneration.
   rElec:     It insulates you from electricity.
   Will:      It increases your willpower.
   Stlth:     It makes you more stealthy.
Wands
 h - a wand of flame (39)
 q - a wand of paralysis (2)
 t - a wand of digging (5)
Scrolls
 j - 2 scrolls of enchant weapon
Potions
 d - 7 potions of curing
 k - 2 potions of brilliance
 m - a potion of lignification
 n - a potion of heal wounds
 p - a potion of magic
 w - a potion of cancellation
 x - a potion of might
Miscellaneous
 i - a lightning rod (inert) (quivered)


   Skills:
 - Level 3.0 Fighting
 - Level 14.0 Bows
 - Level 1.1 Armour
 - Level 5.0 Dodging
 + Level 11.1 Invocations
 - Level 5.4 Evocations


You had 10 spell levels left.
You didn't know any spells.
Your spell library contained the following spells:

 Spells                   Type           Power      Damage    Failure   Level
 Passage of Golubria      Tloc           0%         N/A       100%        4
 Blade Hands              Tmut           0%         N/A       100%        5
 Yara's Violent Unravell  Hex/Tmut       0%         3d3       100%        5
 Eringya's Noxious Bog    Tmut/Pois      0%         N/A       100%        6
 Iron Shot                Conj/Erth      0%         9d1       100%        6
 Tukima's Dance           Hex            Unusable   N/A       N/A         3
 Animate Armour           Summ/Erth      Unusable   N/A       N/A         4
 Summon Forest            Summ/Tloc      Unusable   N/A       N/A         5
 Summon Hydra             Summ           Unusable   N/A       N/A         7

Dungeon Overview and Level Annotations

Branches:
Dungeon (11/15)            Temple (1/1) D:4            Lair (0/6) D:10
    Orc (0/2) D:11

Altars:
Ashenzari
Cheibriados
Dithmenos
Elyvilon
Fedhas
Gozag
Hepliaklqana
Kikubaaqudgha
Makhleb
Nemelex Xobeh
Okawaru
Qazlal
Ru
Sif Muna
Trog
Uskayaw
Vehumet
Wu Jian
Xom
Yredelemnul
Zin
The Shining One

Shops:
D:7 *

Annotations:
D:5 1 runed translucent door, avis's ghost, novice HOTm
D:11 Erolcha


Innate Abilities, Weirdness & Mutations

You have a beak for a mouth.
You have claws for feet.
Your magical nature lets you fly swiftly and evasively.


Message History

Aiming: Paralyse
Press: ? - help, Shift-Dir - straight line, f - vampire
Aim: a vampire (chance to affect: 45%)
The vampire resists with some effort.
The vampire gestures wildly while chanting.
The vampire flickers and vanishes!
Deactivating autopickup; reactivate with Ctrl-A.
You see here a potion of degeneration.
Okay, then.
As you read the scroll of teleportation, it crumbles to dust.
You feel strangely unstable.
Your +0 whip of venom begins to drip with poison!
a - a +0 whip of venom (weapon)
Something hits you! Something bites you.
Something draws strength from your injuries!
You take 15 damage, and have 23/60 hp.
MASSIVE DAMAGE!!
Something hits you but does no damage. Something bites you but does no damage.
Your surroundings suddenly seem different.
Okay, then.
A komodo dragon comes into view.
Found a leather armour.
The komodo dragon hisses angrily.
A cyclops comes into view.
The cyclops shouts!
A komodo dragon comes into view.
An orc wizard comes into view. It is wielding a +0 dagger.
The komodo dragon hisses angrily.
The orc wizard shouts!
You hear a shout! x3
The cyclops throws a large rock.
The large rock hits you!
* * * LOW HITPOINT WARNING * * *
You take 9 damage, and have 16/60 hp.
The komodo dragon hisses menacingly.
Erolcha the Cunning comes into view.
She is wielding a +0 giant spiked club.
Erolcha shouts!
Erolcha mumbles some strange words.
Erolcha blinks!
Erolcha moves out of view.
As you read the scroll of teleportation, it crumbles to dust.
You feel strangely unstable.
The komodo dragon bites you but does no damage.
The komodo dragon bites you!!
You die...

..# ###.#
...# #..# .O#
##### #.##
##...# #..#
##..... ##.##
##.!.### #l@#
##..### #
##l### ##..##
#...#####..##
##o..##....#
#.......V##
##......##
##...###
#...## ##...#


You could see Erolcha, 2 komodo dragons and an orc wizard.

Vanquished Creatures
  5 two-headed ogres
  A manticore (D:11)
  Joseph (D:7)
  A troll (D:10)
  A hornet (D:8)
  Grinder (D:4)
  2 shadows
  14 yaks
  A vampire (D:10)
  A wyvern (D:7)
  Eustachio (D:5)
  A steam dragon (D:8)
  Duvessa (D:5)
  6 orc warriors
  2 sky beasts
  An ogre (D:5)
  3 centaurs
  3 phantoms
  2 kobold brigands
  A wyvern zombie (D:8)
  A gnoll sergeant (D:9)
  3 scorpions
  A water moccasin zombie (D:6)
  Dowan (D:5)
  3 troll zombies (D:11)
  5 killer bees (D:9)
  4 howler monkeys
  7 crimson imps (D:8)
  A hound (D:7)
  4 centaur zombies
  A jelly (D:5)
  A bullfrog skeleton (D:4)
  3 orc priests
  A gnoll shaman (D:6)
  2 centaur skeletons
  2 iguanas
  11 orc wizards
  2 killer bee zombies
  5 ogre zombies (D:11)
  Robin (D:2)
  8 gnolls
  5 adders
  5 white imps
  3 worms
  2 dart slugs
  25 orcs
  8 ball pythons
  6 bats
  6 endoplasms
  6 giant cockroaches
  14 goblins
  8 hobgoblins
  8 jackals (D:4)
  20 kobolds
  2 quokkas (D:3)
  2 frilled lizards
  2 goblin skeletons (D:11)
  A hobgoblin skeleton (D:11)
  3 hobgoblin zombies (D:11)
  5 orc skeletons (D:11)
  14 orc zombies (D:11)
  2 rats
263 creatures vanquished.

Notes
Turn   | Place    | Note
-------+----------+-------------------------------------------
     0 | D:1      | gimp the Tengu Wanderer began the quest for the Orb.
     0 | D:1      | gimp set off with the following items: a +0 shortbow, a
                  | lightning rod (4/4), 32 arrows, a potion of curing, a +0
                  | robe
     0 | D:1      | Reached XP level 1. HP: 10/10 MP: 2/2
   430 | D:1      | Reached skill level 1 in Fighting
   430 | D:1      | Reached XP level 2. HP: 16/16 MP: 3/3
  1104 | D:2      | Found a faded altar of an unknown god.
  1178 | D:2      | Reached skill level 4 in Bows
  1178 | D:2      | Reached XP level 3. HP: 21/21 MP: 4/4
  1185 | D:2      | Noticed Robin
  1359 | D:2      | Killed Robin
  1779 | D:2      | Reached XP level 4. HP: 27/27 MP: 5/5
  2873 | D:3      | Found a burning altar of Makhleb.
  3016 | D:4      | Found a staircase to the Ecumenical Temple.
  3035 | Temple   | Entered the Ecumenical Temple
  3239 | D:4      | Reached skill level 5 in Bows
  3239 | D:4      | Gained mutation: Your magical nature lets you fly swiftly
                  | and evasively. [Tengu growth]
  3239 | D:4      | Reached XP level 5. HP: 32/32 MP: 6/6
  3343 | D:4      | Noticed Grinder
  3355 | D:4      | Paralysed by Grinder for 3 turns
  3363 | D:4      | Killed Grinder
  3364 | D:4      | Reached skill level 6 in Bows
  3364 | D:4      | Reached XP level 6. HP: 15/37 MP: 7/7
  3615 | D:4      | Found a broken altar of Ashenzari.
  4230 | D:5      | Entered Level 5 of the Dungeon
  4238 | D:5      | Noticed avis's ghost (novice HOTm)
  4256 | D:5      | Noticed Eustachio
  4323 | D:5      | Killed Eustachio
  4324 | D:5      | Reached XP level 7. HP: 15/41 MP: 8/8
  4534 | D:5      | Reached skill level 7 in Bows
  4638 | D:5      | Found a white marble altar of Elyvilon.
  4750 | D:5      | Found a hide-covered altar of Uskayaw.
  4750 | D:5      | Noticed a +0 hand axe
  4750 | D:5      | Noticed a +0 hand axe
  4777 | D:5      | Reached skill level 5 in Dodging
  5180 | D:5      | Reached skill level 8 in Bows
  5180 | D:5      | Reached XP level 8. HP: 46/46 MP: 9/9
  5188 | D:5      | Noticed Dowan
  5191 | D:5      | Noticed Duvessa
  5198 | D:5      | Killed Dowan
  5199 | D:5      | Killed Duvessa
  5375 | D:5      | Found a runed translucent door.
  5502 | D:5      | Identified a scroll of acquirement
  5502 | D:5      | Acquired the amulet of the Solemn Fig {RegenMP rElec Will+
                  | Stlth+}
  5626 | D:6      | Reached skill level 9 in Bows
  6601 | D:6      | Reached skill level 10 in Bows
  6690 | D:6      | Found a basalt altar of Yredelemnul.
  6725 | D:6      | Noticed a two-headed ogre
  6761 | D:6      | Killed a two-headed ogre
  6762 | D:6      | Reached skill level 11 in Bows
  6762 | D:6      | Reached XP level 9. HP: 50/50 MP: 10/10
  6925 | D:7      | Reached skill level 12 in Bows
  7155 | D:7      | Noticed Joseph
  7570 | D:7      | Killed Joseph
  7571 | D:7      | Reached skill level 13 in Bows
  7891 | D:7      | Found an ornate altar of the Wu Jian Council.
  7909 | D:7      | Found an iron altar of Okawaru.
  7984 | D:7      | Found a glowing silver altar of Zin.
  8026 | D:7      | Identified the +1 dagger "Difiem" {freeze, rC+ rCorr}
  8056 | D:7      | Became a worshipper of Warmaster Okawaru
  8083 | D:7      | Found Buytri's General Store.
  8089 | D:7      | Bought a potion of heal wounds for 65 gold pieces
  8406 | D:7      | Found an ancient bone altar of Kikubaaqudgha.
  8574 | D:8      | Reached skill level 1 in Invocations
  8574 | D:8      | Reached XP level 10. HP: 56/56 MP: 11/11
  9027 | D:8      | Reached skill level 14 in Bows
  9194 | D:8      | Noticed a two-headed ogre
  9212 | D:8      | Killed a two-headed ogre
  9212 | D:8      | Reached * piety under Okawaru
  9673 | D:8      | Found a sacrificial altar of Ru.
  9873 | D:8      | Found a stormy altar of Qazlal.
  9900 | D:8      | Reached skill level 5 in Invocations
 10143 | D:8      | Reached ** piety under Okawaru
 10450 | D:9      | Noticed a two-headed ogre
 10469 | D:9      | Killed a two-headed ogre
 10570 | D:9      | Identified the +11 rapier of Wuangiet {drain, *Rage rPois
                  | Will+ rCorr}
 10652 | D:9      | Reached XP level 11. HP: 45/60 MP: 17/17
 10851 | D:9      | Found a blossoming altar of Fedhas.
 11032 | D:9      | Noticed a two-headed ogre
 11144 | D:9      | Killed a two-headed ogre
 11541 | D:9      | Found a shimmering blue altar of Sif Muna.
 11686 | D:9      | Reached *** piety under Okawaru
 11954 | D:10     | Entered Level 10 of the Dungeon
 12910 | D:10     | Found a staircase to the Lair.
 13403 | D:11     | Reached skill level 10 in Invocations
 13422 | D:11     | Reached **** piety under Okawaru
 13548 | D:11     | Noticed a two-headed ogre
 13595 | D:10     | Killed a two-headed ogre
 13595 | D:10     | Received a gift from Okawaru
 14015 | D:11     | Found a staircase to the Orcish Mines.
 14520 | D:11     | Noticed a manticore
 14531 | D:11     | Killed a manticore
 14578 | D:11     | Noticed a cyclops
 14596 | D:11     | Noticed Erolcha
 14604 | D:11     | Mangled by a komodo dragon

Illustrated notes

Levels and vault maps discovered:
D:1:      lemuel_arrival_room, layout_basic
D:2:      layout_basic, shapermc_ecumenical_altar_starsandcircs,
          minmay_heptomino_w4, uniq_robin
D:3:      layout_rooms, lightli_temple_of_fire
D:4:      layout_basic, mainiacjoe_overflow_brackets, temple_statues,
          uniq_grinder
D:5:      layout_gridville, lemuel_round_altar, dancing_weapons_uskayaw,
          hellmonk_ghost_happy_afterlife, uniq_eustachio, uniq_duvessa
D:6:      layout_loops_corners, mainiacjoe_overflow_alcove_1,
          kennysheep_generic_room_6
D:7:      layout_basic, kennysheep_little_box, jmf_multi_god_temple,
          zin_scriptorium, serial_shops, shop, chequers_serial_rivers_marsh,
          uniq_joseph
D:8:      layout_basic, grunt_qazlal_clouds,
          nicolae_ru_great_annihilating_truth, minmay_nine_imps
D:9:      layout_loops_ring, lemuel_crystal_altar, tgw_sif
D:10:     layout_irregular_city, lair_entry_dummy
D:11:     minmay_the_grid_triangle_9x9_recursive_2
          [minmay_the_grid_triangle_9x9_prize_center,
          minmay_the_grid_triangle_9x9_swiss_cheese,
          minmay_the_grid_triangle_9x9_pentomino_pain,
          minmay_the_grid_triangle_9x9_cache], layout_layer_cave,
          zombieorc2_lemuel, uniq_erolcha
Temple:   jpeg_temple_island

Skill      XL: |  1  2  3  4  5  6  7  8  9 10 11 |
---------------+----------------------------------+-----
Fighting       | 1 2 3 |  3.0
Bows           | 4 5 6 8 11 13 14 | 14.0
Dodging        | 3 4 5 |  5.0
Invocations    | 1 7 11 | 11.1
Armour         | |  1.1
Evocations     | |  5.4

Action                   |  1- 3 |  4- 6 |  7- 9 | 10-12 || total
-------------------------+-------+-------+-------+-------++-------
Melee: Dagger            |     9 |    20 |    43 |       ||    72
       Kick              |     3 |     8 |    31 |    37 ||    79
       Peck              |       |     2 |    15 |    22 ||    39
       Whip              |       |       |    23 |    22 ||    45
       Punch             |       |       |     1 |     2 ||     3
       Shortbow          |       |       |       |     2 ||     2
       Short sword       |       |       |       |    49 ||    49
 Fire: Shortbow          |    79 |   182 |   271 |   670 ||  1202
Invok: Heroism           |       |       |       |     3 ||     3
Evoke: Lightning rod     |     2 |     1 |     2 |     5 ||    10
       Wand              |       |       |     3 |     3 ||     6
  Use: Scroll            |       |     7 |     4 |    10 ||    21
       Potion            |       |     1 |       |     1 ||     2
 Stab: Paralysed         |       |       |    17 |    14 ||    31
Armor: Robe              |    14 |    48 |    20 |       ||    82
       Skin              |       |     4 |       |       ||     4
       Plate armour      |       |       |    60 |    40 ||   100
       Chain mail        |       |       |       |   108 ||   108
Dodge: Dodged            |    15 |   162 |    99 |   113 ||   389

Table legend: (Time is in decaauts)
 A = Elapsed time spent in this place.
 B = Non-inter-level travel time spent in this place.
 C = Inter-level travel time spent in this place.
 D = Time resting spent in this place.
 E = Time spent auto-exploring this place.
 F = Levels seen in this place.
 G = Mean time per level.
                   A        B        C        D        E       F      G
               +--------+--------+--------+--------+--------+-----+--------+
         Total |  13683 |  13268 |    415 |    606 |  10151 |  12 | 1140.2 |
       Dungeon |  13602 |  13200 |    402 |    606 |  10095 |  11 | 1236.5 |
        Temple |     80 |     67 |     13 |      0 |     56 |   1 |   80.0 |
               +--------+--------+--------+--------+--------+-----+--------+

Top non-repeatable levels by time:
     D:8: 1631 daAuts
     D:6: 1621 daAuts
    D:10: 1606 daAuts
     D:9: 1434 daAuts
     D:5: 1222 daAuts
     D:7: 1189 daAuts
     D:2: 1143 daAuts
     D:4: 1081 daAuts
     D:1: 961 daAuts
     D:3: 915 daAuts
    D:11: 794 daAuts
  Temple: 80 daAuts
